 Dungeon Crawl Stone Soup version 0.22-a0-525-gf69a080 (webtiles) character file.

7 Ecrof the Ogre Mage (level 2, 0/24 HPs)
             Began as an Ogre Earth Elementalist on June 22, 2018.
             Slain by a giant cockroach (2 damage)
             ... on level 1 of the Dungeon.
             The game lasted 00:02:59 (224 turns).

Ecrof the Ogre Mage (Ogre Earth Elementalist)        Turns: 224, Time: 00:02:59

Health: 0/24       AC:  3    Str: 11    XL:     2   Next: 4%
Magic:  1/5        EV: 10    Int: 16    God:
Gold:   10         SH:  0    Dex:  9    Spells: 3/6 levels left

rFire    . . .     SeeInvis .   (no weapon)
rCold    . . .     Gourm    .   (no shield)
rNeg     . . .     Faith    .   c - +0 robe
rPois    .         Spirit   .   (helmet restricted)
rElec    .         Reflect  .   (no cloak)
rCorr    .         Harm     .   (gloves unavailable)
MR       .....                  (boots unavailable)
Stlth    +.........             (no amulet)
HPRegen  0.08/turn              (no ring)
MPRegen  0.09/turn              (no ring)

@: no status effects
A: large, unfitting armour, tough skin 1
a: no special abilities


You were on level 1 of the Dungeon.
You were not hungry.

You visited 1 branch of the dungeon, and saw 1 of its levels.

You collected 10 gold pieces.

Inventory:

Missiles
 b - 36 stones (quivered)
Armour
 c - a +0 robe (worn)
Scrolls
 e - a scroll of remove curse {unknown}
 f - a scroll of identify {unknown}
Comestibles
 a - 2 chunks of flesh
 d - 2 rations


   Skills:
 - Level 1.7 Dodging
 - Level 1.4 Stealth
 + Level 2.9 Spellcasting
 - Level 0.8 Transmutations
 + Level 2.9 Earth Magic


You had 3 spell levels left.
You knew the following spells:

 Your Spells              Type           Power        Failure   Level  Hunger
a - Sandblast             Erth           ##....       5%          1    #......
b - Passwall              Tmut/Erth      #.......     13%         2    ##.....

Your spell library contained the following spells:

 Spells                   Type           Power        Failure   Level  Hunger
 Stone Arrow              Conj/Erth      #.....       30%         3    ###....
 Lee's Rapid Deconstruct  Erth           ##........   83%         5    ######.
 Petrify                  Tmut/Erth      #.......     65%         4    #####..


Dungeon Overview and Level Annotations

Branches:
Dungeon (1/15)

Altars:


Innate Abilities, Weirdness & Mutations

You are too large for most types of armour.
You have tough skin. (AC +1)


Message History

The giant cockroach barely misses you.
The kobold hits you with a short sword of protection.
You barely miss the kobold.
The kobold is moderately wounded.
The giant cockroach closely misses you. The kobold hits you but does no damage.
You miss the kobold.
The kobold is moderately wounded.
The giant cockroach bites you but does no damage.
The kobold hits you with a short sword of protection.
* * * LOW HITPOINT WARNING * * *
The giant cockroach closely misses you.
You hit the kobold but do no damage.
The kobold is moderately wounded.
The giant cockroach closely misses you.
The kobold hits you with a short sword of protection.
* * * LOW HITPOINT WARNING * * *
You barely miss the kobold.
The kobold is moderately wounded.
The giant cockroach bites you.
You die...

#..#....#.#.#..
#. ####.### # #
#. #.# # #.#
#.# #.# #.#
#.## . #@K##
... ##s.##.....
##?..# #...#
....# ##...#
#...# #...#
#...#


You could see a giant cockroach and a kobold.

Vanquished Creatures
  A bat (D:1)
  A giant cockroach (D:1)
  A goblin (D:1)
  2 hobgoblins (D:1)
  A rat (D:1)
6 creatures vanquished.

Notes
Turn   | Place    | Note
-------+----------+-------------------------------------------
     0 | D:1      | Ecrof the Ogre Earth Elementalist began the quest for the Orb.
     0 | D:1      | Reached XP level 1. HP: 16/16 MP: 3/3
   195 | D:1      | Reached XP level 2. HP: 24/24 MP: 3/5
   199 | D:1      | Learned a level 2 spell: Passwall
   224 | D:1      | Slain by a giant cockroach

Vault maps used:
D:1:      matt_arrival_spirals, grunt_decor_one_mirror, minmay_misc_feat_alley,
          serial_park_tiny_pond, minmay_tiny_reverse_x

Action                   || total
-------------------------++-------
Melee: Unarmed           ||    11
 Cast: Sandblast         ||    11
Armor: Robe              ||     7
Dodge: Dodged            ||    13

Table legend:
 A = Spawn XP
 B = Non-spawn XP
 C = Spawn XP percentage of total XP
 D = Spawn monster count
 E = Non-spawn monster count
 F = Spawn count percentage of total count
 G = Total turns spent on level
                    A         B        C        D         E        F      G
               +---------+---------+-------+---------+---------+-------+---------
         Total |       0 |      11 |   0.0 |       0 |       6 |   0.0 |   224
               +---------+---------+-------+---------+---------+-------+---------
           D:1 |       0 |      11 |   0.0 |       0 |       6 |   0.0 |   224
               +---------+---------+-------+---------+---------+-------+---------
